[Event "*** Titled Tuesday Blitz"]
[Site "Chess.com"]
[Date "2020.03.03"]
[Round "3"]
[White "ehrenfeld"]
[Black "saraswathii"]
[Result "1-0"]
[WhiteElo "2491"]
[BlackElo "2217"]
[TimeControl "180+1"]
[EndTime "13:28:44 PST"]
[Termination "ehrenfeld won by resignation"]

1. e4 c5 2. d3 e6 3. f4 d5 4. Be2 Nf6 5. e5 Nfd7 6. Nf3 g6 7.
c3 Bg7 8. d4 Nc6 9. Be3 Qb6 10.
Qd2 c4 11. O-O O-O 12. Na3 a6 13. Nc2 Qc7 14. b3 b5 15. g4 f6 16. Qe1 cxb3 17. axb3 Na5 18. Rb1 Bb7 19. Nb4 Rac8 20. Bd2 Nc6 21.
Nd3 a5 22. Qh4 Rf7 23. Rbc1 Rcf8 24. Be3 a4 25. b4 Qd8 26. Qg3 Re8 27. Kh1 Na5 28.
bxa5 1-0

[Event "*** Titled Tuesday Blitz"]
[Site "Chess.com"]
[Date "2020.03.03"]
[Round "3"]
[White "VALPARAISO37"]
[Black "chessdjw"]
[Result "1/2-1/2"]
[WhiteElo "2416"]
[BlackElo "2629"]
[TimeControl "180+1"]
[EndTime "13:28:45 PST"]
[Termination "Game drawn by repetition"]

1. d4 Nf6 2. c4 c5 3. d5 b5 4. cxb5 a6 5. b6 e6 6. Nc3 exd5 7. Nxd5 Nxd5 8. Qxd5 Nc6 9. Nf3 Be7 10. e4 O-O 11.
Bc4 Qxb6 12. O-O Nb4 13. Qh5 Bb7 14. Qg4 Nc2 15. Qxd7 Bxe4 16. Qxe7 Bxf3 17. gxf3 Qg6+ 18. Kh1 Nxa1 19. Rg1 Qf5 20. Bh6 Qxf3+ 21. Rg2 Qd1+ 22. Rg1 Qf3+ 23. Rg2 g6 24. Qe5 Qd1+ 25. Rg1 Qf3+ 26. Rg2 Qd1+ 27. Rg1 Qf3+ 28. Rg2 1/2-1/2

[Event "*** Titled Tuesday Blitz"]
[Site "Chess.com"]
[Date "2020.03.03"]
[Round "3"]
[White "Nathan_Filgueiras"]
[Black "stoleriu"]
[Result "0-1"]
[WhiteElo "2252"]
[BlackElo "2482"]
[TimeControl "180+1"]
[EndTime "13:28:46 PST"]
[Termination "stoleriu won by resignation"]

1. e4 e6 2. d4 d5 3. Nd2 Be7 4. c3 c5 5. Ngf3 cxd4 6. cxd4 dxe4 7. Nxe4 Nc6 8. Bd3 Nf6 9. O-O O-O 10. Be3 Bd7 11.
a3 Rc8 12. Rc1 a6 13. Bb1 Nxe4 14. Bxe4 Na5 15. b4 Nc6 16. Qd3 f5 17. Bxc6 Bxc6 18. Ne5 Bb5 19. Qb3 Qd5 20. Qxd5 exd5 21. Rxc8 Rxc8 22. Rc1 Rxc1+ 23. Bxc1 Kf8 24. f4 Ke8 25. Kf2 Kd8 26. Ke3 Kc7 27. Kd2 Kb6 28. Kc3 a5 29. Kb3 axb4 30. axb4 Bf1 31. g3 Kb5 32. Bd2 Be2 33.
Be1 Bd1+ 34. Kc3 Bxb4+ 0-1

[Event "*** Titled Tuesday Blitz"]
[Site "Chess.com"]
[Date "2020.03.03"]
[Round "3"]
[White "CrushingKings"]
[Black "gui_borba"]
[Result "1-0"]
[WhiteElo "2180"]
[BlackElo "2351"]
[TimeControl "180+1"]
[EndTime "13:28:48 PST"]
[Termination "CrushingKings won by resignation"]

1. e4 e5 2. Nf3 Nc6 3. Bc4 Bc5 4.
c3 Nf6 5. d3 d6 6. O-O a6 7. Bb3 h6 8. Nbd2 O-O 9. h3 Ba7 10.
Re1 Ne7 11. Nf1 Ng6 12. Ng3 c6 13. d4 Qc7 14. Be3 b5 15. Bc2 c5 16. Rc1 Be6 17.
Qd2 Bxa2 18. Nf5 h5 19. Bh6 Ne8 20. Bxg7 Nxg7 21. Qh6 Nxf5 22. exf5 f6 23. fxg6 Qg7 24. Qxh5 Be6 25. d5 Bd7 26. Bf5 Bxf5 27. Qxf5 c4 28.
Re4 Bc5 29. Rh4 1-0

[Event "*** Titled Tuesday Blitz"]
[Site "Chess.com"]
[Date "2020.03.03"]
[Round "3"]
[White "ajian"]
[Black "Barcelona_Guy"]
[Result "0-1"]
[WhiteElo "2308"]
[BlackElo "2585"]
[TimeControl "180+1"]
[EndTime "13:28:53 PST"]
[Termination "Barcelona_Guy won by checkmate"]

1. d4 Nf6 2. c4 g6 3. Nc3 d5 4.
cxd5 Nxd5 5. e4 Nxc3 6. bxc3 Bg7 7. Bc4 c5 8. Ne2 O-O 9. Be3 Nc6 10. O-O b6 11. Rc1 Bb7 12. f4 Rc8 13. Bd3 cxd4 14. cxd4 Nxd4 15. Rxc8 Nxe2+ 16. Qxe2 Qxc8 17. Rc1 Qe6 18.
e5 Rc8 19. Rxc8+ Qxc8 20. Bc4 e6 21. Qd3 Bf8 22. Bb3 Qc6 23. Qd2 a5 24. a4 Bb4 25.
Qc2 Bc3 26. Kh1 h5 27. Bxb6 h4 28. h3 Qxb6 29. Qxc3 Qf2 30. Qc2 Qf1+ 31. Kh2 Qxf4+ 32. Kg1 Qxe5 33. Qf2 Qg3 34. Qb6 Qxg2# 0-1

[Event "*** Titled Tuesday Blitz"]
[Site "Chess.com"]
[Date "2020.03.03"]
[Round "3"]
[White "NoGalloNoParty"]
[Black "MiroMiljkovic"]
[Result "1/2-1/2"]
[WhiteElo "2289"]
[BlackElo "2564"]
[TimeControl "180+1"]
[EndTime "13:28:54 PST"]
[Termination "Game drawn by repetition"]

1. d4 Nf6 2. Nf3 d5 3. c4 e6 4. g3 Be7 5. Bg2 O-O 6. O-O c6 7. Nbd2 Nbd7 8. Qc2 b6 9. Rd1 Bb7 10.
e4 Rc8 11. e5 Ne8 12. h4 h6 13. cxd5 cxd5 14. Qd3 Nc7 15. Nf1 Ba6 16. Qb1 Bxf1 17.
Bxf1 Re8 18. Bf4 b5 19. Qd3 Nb6 20. b3 Qd7 21. Rac1 a6 22. Nh2 Bf8 23. h5 Red8 24. Qe3 Ne8 25. Bd3 Rxc1 26. Rxc1 Rc8 27. Bc2 Ba3 28.
Qd3 Bxc1 29. Bxc1 f5 30. exf6 Nxf6 31. Ng4 Nxg4 32. Qh7+ Kf7 33. Qg6+ Kf8 34. Ba3+ Kg8 35. Qh7+ Kf7 36. Qg6+ Kg8 37. Qh7+ Kf7 38. Qg6+ Kg8 1/2-1/2

[Event "*** Titled Tuesday Blitz"]
[Site "Chess.com"]
[Date "2020.03.03"]
[Round "3"]
[White "ChessPlayer202202"]
[Black "HashtagChess"]
[Result "1-0"]
[WhiteElo "2301"]
[BlackElo "1596"]
[TimeControl "180+1"]
[EndTime "13:28:54 PST"]
[Termination "ChessPlayer202202 won by resignation"]

1. e4 e6 2. d4 d5 3. Nc3 Nf6 4. e5 Nfd7 5. f4 c5 6. Nf3 Nc6 7. Be3 a6 8. Ne2 Be7 9. c3 b5 10. Ng3 Bb7 11. Bd3 cxd4 12. cxd4 Qa5+ 13. Bd2 Qb6 14. Ne2 Nb4 15. Bxb4 Bxb4+ 16. Nc3 Rc8 17. Rc1 Qa5 18. O-O Bxc3 19. bxc3 Rxc3 20. Qd2 Ra3 21. Qxa5 Rxa5 22. Rc7 Ke7 23. Rxb7 Rc8 24. Bb1 Rc3 25. f5 exf5 26. Bxf5 Rxa2 27. Bxd7 Kd8 28. Bf5 Rb3 29.
Rc1 1-0

[Event "*** Titled Tuesday Blitz"]
[Site "Chess.com"]
[Date "2020.03.03"]
[Round "3"]
[White "AminMolaei"]
[Black "aa175"]
[Result "1-0"]
[WhiteElo "2518"]
[BlackElo "2249"]
[TimeControl "180+1"]
[EndTime "13:28:57 PST"]
[Termination "AminMolaei won on time"]

1. d4 Nf6 2. c4 g6 3. Nc3 d5 4. Bg5 Ne4 5. Bh4 Nxc3 6. bxc3 Bg7 7. e3 O-O 8. Nf3 dxc4 9. Bxc4 c5 10. O-O cxd4 11.
cxd4 Nc6 12. Rb1 Qc7 13. Qa4 Bg4 14. Rfc1 Bxf3 15. gxf3 Rac8 16. Bd5 Qd7 17. Bxc6 bxc6 18. Rc5 e5 19. dxe5 Qf5 20. Qe4 Qe6 21. a4 Rfe8 22. Bg3 h5 23. Rbc1 g5 24. h4 gxh4 25. Qxh4 Qf5 26. e4 Qxf3 27. R1c3 Qd1+ 28. Kg2 Re6 29. Rf3 Qd4 30. Qxh5 Rg6 31. e6 Qxe4 32. exf7+ Kf8 33. Rf5 c5 34. Qxg6 1-0

[Event "*** Titled Tuesday Blitz"]
[Site "Chess.com"]
[Date "2020.03.03"]
[Round "3"]
[White "RoelandPruijssers"]
[Black "denizozen"]
[Result "0-1"]
[WhiteElo "2678"]
[BlackElo "2845"]
[TimeControl "180+1"]
[EndTime "13:28:58 PST"]
[Termination "denizozen won by resignation"]

1. e4 c5 2. Nf3 d6 3. d4 cxd4 4.
Nxd4 Nf6 5. Nc3 a6 6. Be3 e5 7. Nb3 Be6 8. Qd2 Nbd7 9. O-O-O b5 10. f4 Rc8 11. Kb1 Be7 12. f5 Bc4 13. a3 O-O 14. g4 Nxg4 15. Rg1 Nxe3 16. Qxe3 Kh8 17. Bxc4 bxc4 18. Nd2 Nf6 19. Nf3 Rb8 20. Nxe5 Qc7 21. Rxg7 dxe5 22. Qh6 Qb6 23. Na4 Qb5 24. Rd6 Qxa4 25.
Rxf6 Rxb2+ 26. Kxb2 Qxa3+ 27. Kb1 Rb8+ 28. Rb6 Rxb6+ 29.
Qxb6 Kxg7 30. Qg1+ Kf8 31. Qa7 Qb4+ 32. Kc1 Qe1+ 33.
Kb2 Qxe4 34. Qxa6 Qxf5 35. Qxc4 e4 36. Qc6 Qf6+ 37. Kb3 Qxc6 0-1

[Event "*** Titled Tuesday Blitz"]
[Site "Chess.com"]
[Date "2020.03.03"]
[Round "3"]
[White "josmito10"]
[Black "Gentlejimmy7"]
[Result "0-1"]
[WhiteElo "2840"]
[BlackElo "2700"]
[TimeControl "180+1"]
[EndTime "13:28:59 PST"]
[Termination "Gentlejimmy7 won by resignation"]

1. d4 d5 2. c4 dxc4 3. Nf3 Nf6 4.
Qa4+ c6 5. Qxc4 g6 6. Bf4 Bg7 7. Nc3 b5 8. Qb3 a5 9. a3 Bf5 10. e3 O-O 11. h3 Nbd7 12. Be2 Nb6 13. O-O a4 14. Qa2 Nfd5 15. Be5 b4 16. e4 Nxc3 17.
bxc3 b3 18. Qb1 Be6 19. Bxg7 Kxg7 20. Qb2 Bc4 21. Rfd1 Qc8 22. Ne5 Qa6 23. Nxc4 Nxc4 24.
Qb1 Qb5 25. Kf1 b2 26. Ra2 Rab8 27. Bd3 Qb3 28. Kg1 Nxa3 0-1

[Event "*** Titled Tuesday Blitz"]
[Site "Chess.com"]
[Date "2020.03.03"]
[Round "3"]
[White "Arystanner"]
[Black "JozefKneht"]
[Result "0-1"]
[WhiteElo "2727"]
[BlackElo "2576"]
[TimeControl "180+1"]
[EndTime "13:29:00 PST"]
[Termination "JozefKneht won by resignation"]

1. e4 e5 2. Nf3 Nc6 3. Bb5 a6 4. Ba4 Nf6 5. d3 d6 6. c4 Bg4 7. h3 Bxf3 8. Bxc6+ bxc6 9. Qxf3 Be7 10. Nc3 O-O 11. O-O Nd7 12. Be3 Bg5 13. b4 Bxe3 14. Qxe3 Qb8 15. Rfb1 Qa7 16. Qxa7 Rxa7 17. a4 Rfa8 18.
Rb3 Kf8 19. Rab1 Ke8 20. b5 axb5 21. axb5 Nc5 22. b6 Rb7 23. R3b2 Nxd3 24. Rd2 Nc5 25. bxc7 Rxb1+ 26. Nxb1 Kd7 27. Nc3 Kxc7 28. f3 Ra3 29.
Rc2 Ne6 30. Ne2 h5 31. h4 g6 32. Kf2 Nd4 33. Nxd4 exd4 34. f4 Kb6 35. e5 dxe5 36. c5+ Kb5 37. fxe5 Re3 38. Rb2+ Kxc5 39. Rb7 Rxe5 40.
Kf3 Kc4 0-1

[Event "*** Titled Tuesday Blitz"]
[Site "Chess.com"]
[Date "2020.03.03"]
[Round "3"]
[White "GMWSO"]
[Black "Keaton87"]
[Result "1-0"]
[WhiteElo "3109"]
[BlackElo "2642"]
[TimeControl "180+1"]
[EndTime "13:29:02 PST"]
[Termination "GMWSO won by resignation"]

1. b3 d5 2. Nf3 Bf5 3. Bb2 e6 4. g3 Nf6 5. Nh4 Bg4 6. h3 Bh5 7. Bg2 Nbd7 8. c4 c6 9. d3 Bd6 10. Nd2 Qe7 11. a3 a5 12. Qc2 Be5 13. d4 Bc7 14. e3 O-O 15. g4 Bg6 16. Nxg6 hxg6 17. g5 Ne8 18. h4 Nd6 19. O-O-O a4 20. b4 Rfc8 21. f4 b6 22. h5 Nf5 23. Rh3 c5 24. dxc5 bxc5 25. hxg6 fxg6 26. cxd5 cxb4 27. Kb1 Rab8 28. dxe6 Bxf4 29. exd7 Nxe3 30. dxc8=Q+ 1-0

[Event "*** Titled Tuesday Blitz"]
[Site "Chess.com"]
[Date "2020.03.03"]
[Round "3"]
[White "secretsuperstar7"]
[Black "ural58"]
[Result "0-1"]
[WhiteElo "2184"]
[BlackElo "2408"]
[TimeControl "180+1"]
[EndTime "13:29:02 PST"]
[Termination "ural58 won on time"]

1. d4 d5 2. Nf3 Nc6 3. g3 Bg4 4. Bg2 Qd7 5. O-O O-O-O 6. c4 dxc4 7. e3 e5 8. d5 Qxd5 9. Qxd5 Rxd5 10. Ng5 Rd7 11.
f3 Bh5 12. Bh3 h6 13. Bxd7+ Kxd7 14. Ne4 f5 15. Nec3 Nf6 16. Nd2 Na5 17. b4 cxb3 18. axb3 Bb4 19. Bb2 Rd8 20. Nc4 Nxc4 21. bxc4 a6 22.
Rfd1+ Kc8 23. Nd5 Bxf3 24. Bxe5 Nxd5 25. cxd5 Bxd1 26. Rxd1 g6 27. Rc1 Bd6 28. Bf6 Re8 29. Kf2 b5 30. h4 a5 31. Rh1 h5 32. Rb1 b4 33. Ra1 Kd7 34. Rxa5 Rb8 35. Bb2 b3 36. Kf3 Rb4 37. Ra8 Rc4 38. Rg8 Rc2 0-1

[Event "*** Titled Tuesday Blitz"]
[Site "Chess.com"]
[Date "2020.03.03"]
[Round "3"]
[White "vladislavkovalev"]
[Black "Tayson_7"]
[Result "1-0"]
[WhiteElo "2915"]
[BlackElo "2700"]
[TimeControl "180+1"]
[EndTime "13:29:07 PST"]
[Termination "vladislavkovalev won by resignation"]

1. e4 e5 2. Nf3 Nc6 3. Bb5 a6 4. Ba4 Nf6 5. O-O Be7 6. d3 d6 7. c3 O-O 8. Nbd2 Re8 9. Re1 Bf8 10. Nf1 b5 11. Bc2 Bb7 12. Ng3 Nb8 13. a4 Nbd7 14. b4 c5 15. Rb1 cxb4 16. cxb4 d5 17. Bd2 Qb6 18. Bb3 h6 19. Qe2 Rad8 20. a5 Qa7 21. Nh4 Nb8 22. Nhf5 Nc6 23. Be3 d4 24. Bd2 Bc8 25.
Qf3 Nh7 26. Rec1 Nxb4 27. Qg4 Kh8 28. Bxb4 Nf6 29. Qh4 Bxb4 30. Nxh6 gxh6 31. Qxf6+ Kg8 32.
Qg6+ Kh8 33. Qxh6+ Kg8 34. Nh5 1-0

[Event "*** Titled Tuesday Blitz"]
[Site "Chess.com"]
[Date "2020.03.03"]
[Round "3"]
[White "Hrant_ChessMood"]
[Black "valeriocarnicelli"]
[Result "1-0"]
[WhiteElo "2936"]
[BlackElo "2519"]
[TimeControl "180+1"]
[EndTime "13:29:12 PST"]
[Termination "Hrant_ChessMood won by resignation"]

1. e4 e5 2. Nf3 Nc6 3. Bb5 g6 4.
c3 Bg7 5. O-O a6 6. Ba4 Nge7 7.
d4 exd4 8. cxd4 b5 9. Bc2 d5 10.
exd5 Nb4 11. Bg5 Nbxd5 12. Re1 O-O 13. Nc3 f6 14. Bh4 Bb7 15. Ne4 Nf5 16. Nc5 Bc8 17. Bg3 Nxg3 18. hxg3 Kh8 19. Bb3 c6 20. a4 Rb8 21. axb5 Rxb5 22. Qd2 f5 23. Bc4 Rb6 24. Ne5 a5 25. Qxa5 Bxe5 26. Rxe5 Rxb2 27. Qa3 Rb8 28.
Bxd5 cxd5 29. Rae1 Bd7 30. Re7 Re8 31. Nxd7 1-0

[Event "*** Titled Tuesday Blitz"]
[Site "Chess.com"]
[Date "2020.03.03"]
[Round "3"]
[White "Teidi96"]
[Black "Gahan-MG"]
[Result "0-1"]
[WhiteElo "2273"]
[BlackElo "2492"]
[TimeControl "180+1"]
[EndTime "13:29:12 PST"]
[Termination "Gahan-MG won by resignation"]

1. e4 d5 2. exd5 Nf6 3. c4 e6 4.
d4 exd5 5. Nc3 Nc6 6. Nf3 Bb4 7. Be2 dxc4 8. Bxc4 O-O 9. O-O Bg4 10. Be3 Bxf3 11. Qxf3 Nxd4 12. Qxb7 c5 13. Bxd4 cxd4 14. Qxb4 dxc3 15. Qxc3 Qb6 16. b3 a5 17. Rad1 a4 18. h3 a3 19. Rfe1 h6 20. Qg3 Rad8 21. Rxd8 Rxd8 22.
Qf3 Qd6 23. g3 Qd2 24. Re2 Qc1+ 25. Kh2 Rd2 26. Rxd2 Qxd2 27. Qe2 Qb2 28. Kg2 Kf8 29. Bb5 Qxe2 30. Bxe2 Nd5 31. Bc4 Nb4 32. Kf3 Nxa2 33. Bd3 Nc3 0-1

[Event "*** Titled Tuesday Blitz"]
[Site "Chess.com"]
[Date "2020.03.03"]
[Round "3"]
[White "kingofthenil"]
[Black "pouya21"]
[Result "0-1"]
[WhiteElo "2570"]
[BlackElo "2799"]
[TimeControl "180+1"]
[EndTime "13:29:13 PST"]
[Termination "pouya21 won on time"]

1. e4 c5 2. d3 g6 3. g3 Bg7 4. Bg2 d6 5. f4 Nc6 6. Nf3 Bg4 7.
O-O Nf6 8. h3 Bxf3 9. Qxf3 O-O 10. c3 Nd7 11. Be3 e6 12. Nd2 Rc8 13. a4 f5 14. Bf2 Qe8 15. Nc4 Qe7 16. Rfe1 fxe4 17.
dxe4 Nde5 18. Qe2 Nxc4 19. Qxc4 Kh8 20. Rad1 e5 21. f5 gxf5 22. exf5 Rxf5 23. Qd3 Rcf8 24.
Be3 R8f6 25. g4 Rf3 26. Bxf3 Rxf3 27. Kg2 e4 28. Qxd6 Qh4 29. Rh1 Be5 30. Qd8+ Nxd8 31. Rxd8+ Qxd8 0-1

[Event "*** Titled Tuesday Blitz"]
[Site "Chess.com"]
[Date "2020.03.03"]
[Round "3"]
[White "Ba_clbaf_osed_ingo_3v21"]
[Black "NeverEverForever1990"]
[Result "1-0"]
[WhiteElo "2604"]
[BlackElo "2359"]
[TimeControl "180+1"]
[EndTime "13:29:13 PST"]
[Termination "Ba_clbaf_osed_ingo_3v21 won on time"]

1. Nf3 g6 2. c4 Bg7 3. Nc3 d6 4. d4 Nf6 5. e4 O-O 6. Be2 e5 7. O-O Nc6 8. d5 Ne7 9. Ne1 Nd7 10. Bd2 f5 11. Nd3 f4 12. Bg4 a5 13. Rc1 Kh8 14. f3 b6 15. a3 Ba6 16. Qa4 Nf6 17. Be6 Neg8 18. Nb5 Nh6 19. b4 axb4 20. axb4 Bb7 21. Qb3 Nf7 22. c5 Ba6 23. cxd6 cxd6 24. Nc7 Ra7 25. Nxa6 Rxa6 26. Rc8 Qe7 27. Rfc1 Ng5 28. R1c7 Nxe6 29. dxe6 Ra1+ 30. Ne1 Rxc8 31. Rxe7 Bh6 32. Rf7 Nxe4 33. fxe4 f3 34. Bxh6 1-0

[Event "*** Titled Tuesday Blitz"]
[Site "Chess.com"]
[Date "2020.03.03"]
[Round "3"]
[White "IMTominho"]
[Black "Kobalia"]
[Result "1-0"]
[WhiteElo "2820"]
[BlackElo "2631"]
[TimeControl "180+1"]
[EndTime "13:29:17 PST"]
[Termination "IMTominho won on time"]

1. d4 d5 2. c4 c6 3. Nf3 Nf6 4. Nbd2 Bf5 5. Nh4 Be4 6. e3 e6 7. Be2 h6 8. Nxe4 dxe4 9. g3 g5 10. Ng2 c5 11. h4 Rg8 12. hxg5 hxg5 13. Qb3 Qc7 14. Bd2 Nc6 15. Bc3 Be7 16. O-O-O O-O-O 17. Kb1 Kb8 18. Ne1 Rh8 19. Nc2 Rxh1 20. Rxh1 Nd7 21. Rh7 Rf8 22. a3 Bf6 23. Bh5 Nd8 24.
a4 Rh8 25. Rxh8 Bxh8 26. a5 a6 27. Be2 f5 28. d5 Bxc3 29. Qxc3 Ne5 30. b4 cxb4 31.
Nxb4 Ndf7 32. dxe6 1-0

[Event "*** Titled Tuesday Blitz"]
[Site "Chess.com"]
[Date "2020.03.03"]
[Round "3"]
[White "Sibelephant"]
[Black "SerGo055"]
[Result "1-0"]
[WhiteElo "3024"]
[BlackElo "2529"]
[TimeControl "180+1"]
[EndTime "13:29:17 PST"]
[Termination "Sibelephant won by resignation"]

1. d4 Nf6 2. Nf3 e6 3. Bg5 d5 4. Nbd2 Be7 5. e3 c5 6. c3 Nc6 7.
Bd3 O-O 8. O-O Nd7 9. Bf4 f5 10. h3 Nf6 11. dxc5 Bxc5 12. c4 d4 13. Nb3 b6 14. Nxc5 bxc5 15. Re1 Nh5 16. Bh2 f4 17. Be4 Bb7 18. exd4 cxd4 19. Bxc6 Bxc6 20. Nxd4 Be8 21.
Nxe6 Qxd1 22. Raxd1 Rf7 23. Re5 g6 24. Rd4 f3 25.
Ng5 Rb7 26. Nxf3 Rxb2 27. Re7 Rb1+ 28. Re1 Rb2 29. g4 Nf6 30. Be5 Rb6 31. Rf4 Nd7 32. Bd4 Rc6 33. Re7 Rxc4 34. Rg7+ Kh8 35. Rxd7+ 1-0

[Event "*** Titled Tuesday Blitz"]
[Site "Chess.com"]
[Date "2020.03.03"]
[Round "3"]
[White "kasparicy"]
[Black "volcanoexplorer"]
[Result "1-0"]
[WhiteElo "2363"]
[BlackElo "2584"]
[TimeControl "180+1"]
[EndTime "13:29:19 PST"]
[Termination "kasparicy won by resignation"]

1. e4 e5 2. Nf3 Nc6 3. Bc4 Bc5 4. O-O Nf6 5. d4 Bxd4 6. Nxd4 Nxd4 7. f4 d6 8. fxe5 dxe5 9. Bg5 Qe7 10. Na3 Be6 11. c3 Bxc4 12. Nxc4 Ne6 13. Bxf6 Qc5+ 14. Rf2 gxf6 15. Qf1 Nf4 16. Rd1 Rg8 17. Kh1 Qc6 18. Rfd2 Qxe4 19. Re1 Qf5 20. g3 b5 21. Ne3 Qe4+ 22.
Ng2 Qc6 23. gxf4 e4 24. Ne3 f5 25. Qh3 Rg6 26. Red1 Kf8 27. Qxh7 Ke7 28. Nxf5+ Kf6 29. Rd6+ cxd6 30. Rxd6+ Qxd6 31. Nxd6 Rd8 32. Qh4+ Rg5 33. Qxg5+ Ke6 34. Qxd8 1-0

[Event "*** Titled Tuesday Blitz"]
[Site "Chess.com"]
[Date "2020.03.03"]
[Round "3"]
[White "Misi_95"]
[Black "adricalderon8"]
[Result "1-0"]
[WhiteElo "2653"]
[BlackElo "2426"]
[TimeControl "180+1"]
[EndTime "13:29:20 PST"]
[Termination "Misi_95 won by resignation"]

1. e4 c5 2. Nf3 Nc6 3. Bb5 g6 4. O-O Bg7 5. Re1 e5 6. Bxc6 dxc6 7. c3 Qe7 8. d4 exd4 9. cxd4 cxd4 10. Nxd4 Nf6 11. Nc3 O-O 12. e5 Ng4 13. e6 Qh4 14.
exf7+ Kh8 15. Nf3 Qxf2+ 16. Kh1 Bf5 17. h3 Rad8 18. Qxd8 Rxd8 19. Re8+ Bf8 20. Bg5 Rc8 21. hxg4 Kg7 22. gxf5 Rc7 23. f6+ Kxf7 24. Re2 Qg3 25.
Ne4 Qg4 26. Ne5+ 1-0

[Event "*** Titled Tuesday Blitz"]
[Site "Chess.com"]
[Date "2020.03.03"]
[Round "3"]
[White "Region_07"]
[Black "Shahinyan_ChessMood"]
[Result "1/2-1/2"]
[WhiteElo "2405"]
[BlackElo "2624"]
[TimeControl "180+1"]
[EndTime "13:29:20 PST"]
[Termination "Game drawn by repetition"]

1. d4 Nf6 2. Bg5 d5 3. Bxf6 exf6 4. e3 c6 5. c4 dxc4 6. Bxc4 Bd6 7. Nc3 Nd7 8. Nf3 f5 9. O-O Nf6 10. Qc2 O-O 11. Rad1 Qe7 12. Rfe1 Ne4 13. Bd3 Re8 14. h3 g6 15. Nd2 Nxd2 16. Qxd2 Qh4 17. e4 Bf4 18.
Qc2 fxe4 19. Nxe4 Bxh3 20. gxh3 Qxh3 21. Nf6+ Kg7 22. Rxe8 Bh2+ 23. Kh1 Bg3+ 24. Kg1 Bh2+ 25. Kh1 Be5+ 26. Kg1 Bh2+ 1/2-1/2

[Event "*** Titled Tuesday Blitz"]
[Site "Chess.com"]
[Date "2020.03.03"]
[Round "3"]
[White "pedroholly22"]
[Black "kismet6"]
[Result "1-0"]
[WhiteElo "2326"]
[BlackElo "1990"]
[TimeControl "180+1"]
[EndTime "13:29:23 PST"]
[Termination "pedroholly22 won by resignation"]

1. e4 c5 2. Nc3 Nc6 3. Nf3 e6 4. d4 cxd4 5. Nxd4 Qb6 6. Ndb5 Bc5 7. Qe2 a6 8. Na3 Bxa3 9. bxa3 Nd4 10. Qd3 Qc5 11. Be3 e5 12. Ne2 Nxc2+ 13. Kd2 Nxe3 14.
Qxe3 Qa5+ 15. Qc3 Qxc3+ 16. Nxc3 Nf6 17. f3 d6 18. g4 Be6 19. Rb1 b5 20. a4 bxa4 21.
Nxa4 O-O 22. a3 d5 23. g5 Nd7 24. Bd3 Rab8 25. Rhc1 Rfd8 26. Rxb8 Rxb8 27. Bxa6 g6 28. Rc8+ Rxc8 29. Bxc8 dxe4 30. fxe4 Kf8 31. Bxd7 Bxd7 32. Nb6 Bc6 33. Kd3 Ke7 34. a4 f5 35. gxf6+ Kxf6 36. a5 Kg5 37. Ke3 Kg4 38. Nc4 Kh3 39. Nxe5 Bb7 40.
Nf3 g5 41. Nxg5+ Kxh2 42. Nxh7 Kg3 43. e5 Kg4 44. e6 1-0

[Event "*** Titled Tuesday Blitz"]
[Site "Chess.com"]
[Date "2020.03.03"]
[Round "3"]
[White "JoakimVonAnd"]
[Black "sergiochess83"]
[Result "1-0"]
[WhiteElo "2537"]
[BlackElo "2917"]
[TimeControl "180+1"]
[EndTime "13:29:25 PST"]
[Termination "JoakimVonAnd won on time"]

1. d4 Nf6 2. Nf3 d5 3. Bf4 Bf5 4. e3 e6 5. c4 Bxb1 6. Qxb1 Bb4+ 7. Kd1 O-O 8. Bd3 h6 9. c5 c6 10. Ke2 Nbd7 11. g4 Ba5 12. g5 hxg5 13. Bxg5 Bc7 14. Rg1 Kh8 15. Rg4 Nxg4 16. Bxd8 Raxd8 17. Qf1 e5 18. Qh3+ Nh6 19. Bf5 Nf6 20. Nxe5 Bxe5 21. dxe5 Ne4 22.
Bxe4 dxe4 23. Rg1 Rd5 24. Rg5 Rfd8 25. Qh4 Rd2+ 26. Kf1 Rxb2 27. Rh5 Rdd2 28. Kg1 Rxa2 29. Rf5 Kg8 30. Rf4 Rac2 31. e6 fxe6 32. Qe7 Kh7 33.
Qxe6 Rxc5 34. Qxe4+ Kh8 35. Rf8+ 1-0

[Event "*** Titled Tuesday Blitz"]
[Site "Chess.com"]
[Date "2020.03.03"]
[Round "3"]
[White "ChessLover0108"]
[Black "SubrotaBiswas"]
[Result "1-0"]
[WhiteElo "2761"]
[BlackElo "2472"]
[TimeControl "180+1"]
[EndTime "13:29:25 PST"]
[Termination "ChessLover0108 won by resignation"]

1. d4 e6 2. c4 d5 3. Nc3 Nf6 4. Bg5 Be7 5. e3 Nbd7 6. cxd5 Nxd5 7. Bxe7 Qxe7 8. Bd3 c5 9. Nf3 cxd4 10. Nxd5 exd5 11. Nxd4 O-O 12. O-O Ne5 13. h3 Bd7 14. Rc1 Rac8 15. Qb3 Be6 16. Be2 Rc7 17. Nb5 Rxc1 18. Rxc1 d4 19. Qa4 d3 20. Bf1 Bd7 21. Qb3 Bc6 22.
Nd4 Be4 23. f4 d2 24. Rd1 Ng6 25. Rxd2 Qh4 26. Qd1 Qg3 27. Qe2 Nh4 28. Qf2 Nf5 29. Nxf5 Qxf2+ 30. Kxf2 Bxf5 31. g4 Be6 32. a3 f5 33. g5 Rf7 34. Rd8+ Rf8 35. Rxf8+ Kxf8 36. Ke1 Ke7 37. Kd2 Kd6 38. Kc3 Kc5 39. b4+ Kd6 40. Kd4 a6 41. Bd3 g6 42. h4 b5 43. Be2 Bd5 44.
h5 Bc6 45. h6 Bd5 46. Bd3 Be6 47. e4 fxe4 48. Bxe4 Bd7 49. Bxg6 1-0

[Event "*** Titled Tuesday Blitz"]
[Site "Chess.com"]
[Date "2020.03.03"]
[Round "3"]
[White "DoHoChess"]
[Black "Alopekos"]
[Result "1-0"]
[WhiteElo "2655"]
[BlackElo "2426"]
[TimeControl "180+1"]
[EndTime "13:29:26 PST"]
[Termination "DoHoChess won on time"]

1. d4 Nf6 2. Nf3 e6 3. g3 d5 4. Bg2 Be7 5. c4 O-O 6. Qc2 c5 7. dxc5 Qa5+ 8. Nc3 dxc4 9. O-O Nc6 10. Bg5 Qxc5 11.
Bxf6 Bxf6 12. Ne4 Qe7 13. Nxf6+ Qxf6 14. Qxc4 Qxb2 15. Rfd1 e5 16. Rab1 Qa3 17. Ng5 h6 18. Nxf7 Rxf7 19. Bxc6 bxc6 20. Rd8+ Kh7 21. Qxf7 Be6 22.
Qxe6 Rxd8 23. Rb7 Qc5 24. Qf7 Rd1+ 25. Kg2 Qd5+ 26. Qxd5 cxd5 27. Rxa7 Rd2 28. Kf3 d4 29. a4 Ra2 30. a5 Kg6 31. a6 Kf5 32. Ra8 e4+ 33.
Kg2 1-0

[Event "*** Titled Tuesday Blitz"]
[Site "Chess.com"]
[Date "2020.03.03"]
[Round "3"]
[White "StoreySniper"]
[Black "Marcus_Harvey"]
[Result "1-0"]
[WhiteElo "2449"]
[BlackElo "2745"]
[TimeControl "180+1"]
[EndTime "13:29:28 PST"]
[Termination "StoreySniper won on time"]

1. e4 e6 2. Nf3 d5 3. Nc3 Nf6 4. e5 Ne4 5. d4 Bb4 6. Bd2 Nxd2 7. Qxd2 c5 8. a3 Bxc3 9. Qxc3 cxd4 10. Nxd4 O-O 11.
Qh3 Qa5+ 12. c3 Qb6 13. Bd3 g6 14. O-O-O Nd7 15. f4 Nc5 16. Nf3 Na4 17. Rd2 Qe3 18.
Qh4 Kg7 19. Re1 Qc5 20. Ng5 h6 21. Nf3 Bd7 22. Qf6+ Kh7 23. h4 Bb5 24. Ng5+ Kg8 25. Bxg6 hxg5 26. Bh7+ Kxh7 27. hxg5 Kg8 28. Rh1 1-0